 Dungeon Crawl Stone Soup version 0.24-a0-22-g2a401c0 (console) character file.

Game seed: 3982559362028526142

1069 Voker57 the Slasher (level 8, -7/55 HPs)
             Began as a Demonspawn Gladiator on Feb 1, 2019.
             Was a Follower of Hepliaklqana.
             Mangled by an orc warrior
             ... wielding a +0 mace
              (17 damage)
             ... on level 6 of the Dungeon.
             The game lasted 00:07:54 (5218 turns).

Voker57 the Slasher (Demonspawn Gladiator)          Turns: 5218, Time: 00:07:54

Health: -7/55      AC:  5    Str: 14    XL:     8   Next: 7%
Magic:  8/8        EV: 15    Int: 11    God:    Hepliaklqana [*.....]
Gold:   178        SH:  4    Dex: 16    Spells: 7/7 levels left

rFire    . . .     SeeInvis .   b - +2 dagger (venom)
rCold    . . .     Gourm    .   (no shield)
rNeg     . . .     Faith    .   j - +1 leather armour
rPois    .         Spirit   .   c - +0 helmet
rElec    .         Reflect  +   (no cloak)
rCorr    .         Harm     .   (no gloves)
MR       .....                  (no boots)
Stlth    +.........             g - +4 amulet of reflection
HPRegen  0.18/turn              (no ring)
MPRegen  0.11/turn              (no ring)

@: no status effects
A: reduced essence, claws 1, foul stench 1, powered by death 2, rot immunity,
sturdy frame 1
a: Recall Ancestor, Ancestor Identity, Renounce Religion


You were on level 6 of the Dungeon.
You worshipped Hepliaklqana.
Hepliaklqana was aware of your devotion.
You were hungry.

You visited 2 branches of the dungeon, and saw 7 of its levels.

You collected 178 gold pieces.

Inventory:

Hand Weapons
 a - a +1 long sword
 b - a +2 dagger of venom (weapon)
Armour
 c - a +0 helmet (worn)
 j - a +1 leather armour (worn)
 n - a scarf of spirit shield
Jewellery
 g - a +4 amulet of reflection (around neck)
 t - an uncursed ring of protection from magic {unknown}
Wands
 u - a wand of digging (6)
Scrolls
 h - 3 scrolls of identify
 k - 4 scrolls of remove curse
 l - a scroll of enchant armour
 m - a scroll of teleportation
 p - a scroll of amnesia
 r - a scroll of magic mapping {unknown}
 v - a scroll of blinking {unknown}
Potions
 d - a potion of brilliance {unknown}
 e - 2 potions of curing
 i - 2 potions of degeneration
 o - a potion of magic
 s - 2 potions of lignification {unknown}
 w - a potion of heal wounds {unknown}
Comestibles
 f - 4 rations


   Skills:
 + Level 5.0 Fighting
 * Level 6.7 Long Blades
 - Level 1.7 Throwing
 + Level 5.0 Dodging


You had 7 spell levels left.
You didn't know any spells.
Your spell library contained the following spells:

 Spells                   Type           Power        Failure   Level  Hunger
 Beastly Appendage        Tmut           #.....       36%         1    ##.....
 Sticks to Snakes         Tmut           #.......     50%         2    ###....
 Spider Form              Tmut/Pois      #.........   73%         3    ####...
 Ice Form                 Ice/Tmut       #.......     98%         4    #####..
 Blade Hands              Tmut           #.........   100%        5    ######.


Dungeon Overview and Level Annotations

Branches:
Dungeon (6/15)             Temple (1/1) D:4

Altars:
Ashenzari
Cheibriados
Dithmenos
Elyvilon
Hepliaklqana
Kikubaaqudgha
Makhleb
Qazlal
Trog
Uskayaw
Vehumet
Xom
Zin

Shops:
D:3 *   D:5 =

Annotations:
D:3 3 runed translucent doors, DavidChitty1's ghost, amateur OpAs


Innate Abilities, Weirdness & Mutations

You have sharp fingernails.
You may emit foul miasma when damaged in melee.
You regenerate health from kills.
You are immune to rotting.
Your movements are slightly less encumbered by armour. (ER -2)
Your life essence is reduced to manifest your ancestor. (-10% HP)


Message History

Something hits Appius.
Something shocks Appius.
Appius is destroyed!
You hit the orc warrior but do no damage.
The orc warrior is poisoned.
The orc warrior is engulfed in dark miasma.
The orc warrior looks even sicker.
The orc warrior hits you with a +0 mace!!
* * * LOW HITPOINT WARNING * * *
You block the bullfrog zombie's attack.
The bullfrog zombie hits you but does no damage.
The orc warrior is engulfed in dark miasma.
The orc warrior looks as sick as possible!
You block the bullfrog zombie's attack.
There is a stone staircase leading up, spattered with blood here.
Something hits you.
* * * LOW HITPOINT WARNING * * *
Something shocks you.
* * * LOW HITPOINT WARNING * * *
The orc warrior hits you with a +0 mace!
You die...

#.................
#.............#'#
........%.......#
#......#.##...#.##
..##.....#.......#
#....#.o.#....#
#.###....#Z.(.#
#<##.....#.%..#
#o#...#.....o.#
#.oo..#.###ZZ@#
#.....#...°...#####
#...#.....#.≈[(....#
#....#.###.#.÷†..##.#
#.....#.....#..(...#
...#.....#.........#
...#.###$#(###?....#
...#. # .......#
..#......# ##
#......#


You could see an orc warrior, a bullfrog zombie, an adder skeleton and a wyvern
skeleton.

Vanquished Creatures
  An ice beast (D:5)
  3 ogres
  A scorpion (D:5)
  A howler monkey (D:4)
  2 hounds (D:4)
  An orc wizard (D:3)
  An orc priest (D:4)
  2 worker ants (D:5)
  3 adders
  3 worms
  3 dart slugs
  5 leopard geckos
  15 orcs
  9 giant cockroaches
  7 goblins
  6 hobgoblins
  4 jackals
  4 kobolds
  5 quokkas
  5 bats
  4 frilled lizards
  A giant cockroach zombie (D:5)
  4 rats
90 creatures vanquished.

Vanquished Creatures (collateral kills)
  A hungry ghost (D:5)
  A bullfrog zombie (D:5)
  A worker ant (D:6)
  An orc wizard (D:6)
  A hound zombie (D:6)
  An adder (D:6)
  2 shadow imps (D:5)
  A worm (D:6)
  An orc (D:5)
10 creatures vanquished.

Vanquished Creatures (others)
  A centaur (D:6)
  An ancestor (D:6)
2 creatures vanquished.

Grand Total: 102 creatures vanquished

Notes
Turn   | Place    | Note
-------+----------+-------------------------------------------
     0 | D:1      | Voker57 the Demonspawn Gladiator began the quest for the
                  | Orb.
     0 | D:1      | Reached XP level 1. HP: 16/16 MP: 1/1
   132 | D:1      | Reached skill level 3 in Long Blades
   193 | D:1      | Gained mutation: Your movements are slightly less
                  | encumbered by armour. (ER -2) [demonic ancestry]
   193 | D:1      | Reached XP level 2. HP: 16/22 MP: 2/2
   716 | D:2      | Gained mutation: You regenerate a little health from kills.
                  | [demonic ancestry]
   716 | D:2      | Reached XP level 3. HP: 28/28 MP: 3/3
  1470 | D:3      | Gained mutation: You are immune to rotting. [demonic
                  | ancestry]
  1470 | D:3      | Reached XP level 4. HP: 3/34 MP: 4/4
  1804 | D:3      | Found Zin's Purification Station.
  1811 | D:3      | Found a glowing silver altar of Zin.
  2008 | D:3      | Found a runed translucent gate.
  2008 | D:3      | Found a runed translucent gate.
  2008 | D:3      | Found a runed translucent gate.
  2013 | D:3      | Noticed DavidChitty1's ghost (amateur OpAs)
  2104 | D:3      | Reached skill level 4 in Long Blades
  2357 | D:3      | HP: 1/35 [poisoned by a kobold]
  3100 | D:4      | Reached XP level 5. HP: 39/41 MP: 5/5
  3462 | D:4      | Found a staircase to the Ecumenical Temple.
  3488 | D:4      | Noticed an ogre
  3501 | D:4      | Killed an ogre
  3501 | D:4      | Gained mutation: You may emit foul miasma when damaged in
                  | melee. [demonic ancestry]
  3501 | D:4      | Reached XP level 6. HP: 39/47 MP: 6/6
  3686 | D:4      | Reached skill level 5 in Long Blades
  3701 | Temple   | Entered the Ecumenical Temple
  3729 | Temple   | Became a worshipper of Hepliaklqana the Forgotten
  3912 | D:5      | Entered Level 5 of the Dungeon
  4252 | D:5      | Found Nikokh's Jewellery Shop.
  4426 | D:5      | Gained mutation: You regenerate health from kills. [demonic
                  | ancestry]
  4426 | D:5      | Reached XP level 7. HP: 44/48 MP: 7/7
  4664 | D:5      | Reached * piety under Hepliaklqana
  4699 | D:5      | Reached skill level 6 in Long Blades
  5080 | D:6      | Noticed a hungry ghost
  5098 | D:5      | Killed a hungry ghost
  5098 | D:5      | Reached skill level 5 in Fighting
  5098 | D:5      | Reached skill level 5 in Dodging
  5098 | D:5      | Gained mutation: You have sharp fingernails. [demonic
                  | ancestry]
  5098 | D:5      | Reached XP level 8. HP: 36/55 MP: 5/8
  5218 | D:6      | Mangled by an orc warrior

Vault maps used:
D:1:      denvon_arrival_waterhouse
D:3:      zin_purify, ebering_ghost_rock_garden, minmay_parallelograms
D:4:      minmay_temple_entry_mist, first_ration
D:5:      serial_shops, nicolae_shop_waterfront, serial_curves, eino_curves_03,
          eino_curves_04, chequers_serial_rivers_large_b
D:6:      hangedman_cross_stitches, brannock_xom_greatest_gift
Temple:   nicolae_temple_the_god_donut

Skill      XL: |  1  2  3  4  5  6  7 |
---------------+----------------------+-----
Long Blades    | 3 4 5 6 |  6.7
Dodging        | 3 4 5 |  5.0
Fighting       | 3 4 5 |  5.0
Throwing       | |  1.7

Action                   |  1- 3 |  4- 6 |  7- 9 || total
-------------------------+-------+-------+-------++-------
Melee: Long sword        |   115 |   145 |    25 ||   285
       Dagger            |       |    22 |    34 ||    56
Throw: Throwing net      |     4 |     1 |       ||     5
Invok: Recall Ancestor   |       |       |     2 ||     2
  Use: Potion            |     2 |     4 |       ||     6
       Scroll            |       |     8 |     2 ||    10
 Stab: Held in net/web   |     4 |       |       ||     4
       Sleeping          |       |     1 |       ||     1
  Eat: Chunk             |       |    11 |     2 ||    13
       Ration            |       |       |     1 ||     1
Armor: Leather armour    |    34 |    31 |     9 ||    74
Dodge: Dodged            |    92 |   145 |    43 ||   280
Block: Other             |       |     1 |    15 ||    16
       Reflection        |       |       |     2 ||     2
       Rpst.: Long sword |    32 |    44 |     7 ||    83

Table legend:
 A = Non-vault XP
 B = Vault XP
 C = Vault XP percentage of total XP
 D = Non-vault monster count
 E = Vault monster count
 F = Vault count percentage of total count
                 A         B        C        D         E       F
            +---------+---------+-------+---------+---------+-------
      Total |    1326 |     202 |  13.2 |      99 |       2 |   2.0
            +---------+---------+-------+---------+---------+-------
        D:1 |      32 |       0 |   0.0 |      15 |       0 |   0.0
        D:2 |      39 |       0 |   0.0 |      17 |       0 |   0.0
        D:3 |     121 |       0 |   0.0 |      27 |       0 |   0.0
        D:4 |     313 |       0 |   0.0 |      13 |       0 |   0.0
        D:5 |     613 |     189 |  23.6 |      22 |       1 |   4.3
        D:6 |     208 |      13 |   5.9 |       5 |       1 |  16.7
            +---------+---------+-------+---------+---------+-------
